 Dungeon Crawl Stone Soup version 0.28-a0-1510-gd0f6b136d3 (webtiles) character file.

Game seed: 17727942520099111355

2202 Hasart the Chopper (level 8, -4/64 (68) HPs)
             Began as a Demigod Fighter on Jan 16, 2022.
             Slain by a wight (5 damage)
             ... on level 7 of the Dungeon.
             The game lasted 00:16:23 (8468 turns).

Hasart the Chopper (Demigod Fighter)                Turns: 8468, Time: 00:16:23

HP:   -4/64 (68)    AC:  9    Str: 17    XL:     8   Next: 88%
MP:   10/10         EV: 12    Int: 10    God:
Gold: 584           SH:  7    Dex: 21    Spells: 7/7 levels left

rFire   . . .      SeeInvis .   a - +2 war axe
rCold   . . .      Faith    .   c - +1 buckler
rNeg    . . .      Spirit   .   s - +0 ring mail "Fydianu" {rElec}
rPois   +          Reflect  .   (no helmet)
rElec   +          Harm     .   (no cloak)
rCorr   .          Rampage  .   (no gloves)
Will    +....                   v - +2 pair of boots
Stlth   +.........              (no amulet)
HPRegen 0.20/turn               i - ring of poison resistance
MPRegen 0.12/turn               E - ring of willpower

@: drained
A: high mp 1, forlorn, divine attributes
a: no special abilities


You were on level 7 of the Dungeon.
You visited 1 branch of the dungeon, and saw 7 of its levels.
You also visited: Ossuary.

You collected 584 gold pieces.

Inventory:

Hand Weapons
 a - a +2 war axe (weapon)
Armour
 b - a +0 scale mail
 c - a +1 buckler (worn)
 s - the +0 ring mail "Fydianu" (worn) {rElec}
   (You found it on level 3 of the Dungeon)

   rElec:     It insulates you from electricity.
 v - a +2 pair of boots (worn)
 F - +0 steam dragon scales
Jewellery
 i - a ring of poison resistance (left hand)
 x - a ring of fire
 E - a ring of willpower (right hand)
Wands
 t - a wand of charming (4)
 z - a wand of flame (21)
Scrolls
 f - a scroll of magic mapping
 h - 2 scrolls of enchant armour
 j - 3 scrolls of teleportation
 k - 2 scrolls of amnesia
 n - a scroll of identify
 p - 4 scrolls of vulnerability
 y - a scroll of fear
Potions
 d - 2 potions of might
 g - a potion of heal wounds
 l - 4 potions of mutation
 m - 3 potions of lignification
 o - a potion of experience {unknown}
 w - a potion of attraction
 A - a potion of magic
 C - a potion of flight
 G - a potion of berserk rage
 H - 2 potions of curing
 I - 3 potions of invisibility
 J - a potion of brilliance {unknown}
 K - a potion of haste {unknown}


   Skills:
 + Level 5.0 Fighting
 * Level 6.1 Axes
 + Level 3.9 Throwing
 + Level 5.0 Armour
 + Level 3.8 Dodging
 + Level 5.0 Shields


You had 7 spell levels left.
You didn't know any spells.
Your spell library contained the following spells:

 Spells                   Type           Power      Damage    Failure   Level
 Sandblast                Erth           0%         2d4       65%         1
 Corpse Rot               Necr/Air       0%         N/A       78%         2
 Passwall                 Tmut/Erth      0%         N/A       78%         2
 Stone Arrow              Conj/Erth      0%         3d7       95%         3
 Dispel Undead            Necr           0%         3d6       100%        4
 Death Channel            Necr           0%         N/A       100%        6


Dungeon Overview and Level Annotations

Branches:
Dungeon (7/15)            Ossuary (visited)
 Temple: D:4-7


Innate Abilities, Weirdness & Mutations

You have an increased reservoir of magic. (+10% MP)
You shall have no god before yourself.
Your divine heritage dramatically boosts your attributes as you level up.


Message History

The wight is almost destroyed.
The wight closely misses you.
Unknown command.
Unknown command.
You closely miss the wight.
The wight is almost destroyed.
Unknown command.
You hit the wight but do no damage.
The wight is almost destroyed.
You barely miss the wight. The wight hits you with a +0 flail.
The wight misses you. The wight hits you with a +2 battleaxe!
Unknown command.
You closely miss the wight.
The wight is almost destroyed.
You barely miss the wight. You hit the wight but do no damage.
You block the wight's attack.
The wight hits you with a +0 morningstar.
The wight hits you with a +2 battleaxe!
You feel drained.
Unknown command.
You closely miss the wight.
The wight is almost destroyed.
You hit the wight. x2; You block the wight's attack.
The wight barely misses you. x2
Unknown command.
You barely miss the wight.
The wight is almost destroyed.
You hit the wight.
You destroy the wight!
You hit the wight.
The wight hits you with a +0 morningstar.
* * * LOW HITPOINT WARNING * * *
The wight misses you. The wight hits you but does no damage.
Your Fighting skill increases to level 5!
Your Armour skill increases to level 5!
You hit the wight but do no damage.
The wight is almost destroyed.
You hit the wight but do no damage. The wight hits you with a +2 battleaxe!
* * * LOW HITPOINT WARNING * * *
You feel drained.
You die...

#.................
#.................
#.................
#.................
#.................
#......###########
#......# #......#
#@z....# #)z....#
#........
#.....### #.....#
#)....# #.....#
#(....#


You could see 2 wights.

Vanquished Creatures
  Sigmund (D:5)
  A steam dragon (D:6)
  A water moccasin (D:7)
  A necrophage (D:6)
  2 centaurs (D:7)
  An ogre (D:4)
  A phantom (D:5)
  2 bullfrogs
  3 scorpions
  Dowan (D:5)
  2 wights (D:7)
  2 centaur zombies
  A gnoll shaman (D:5)
  A jelly (D:6)
  A bullfrog skeleton (D:6)
  3 orc priests
  3 iguanas
  4 orc wizards
  A killer bee zombie (D:6)
  A hound skeleton (D:4)
  8 mummies (Ossuary)
  9 gnolls
  4 adders
  A white imp (D:6)
  2 dart slugs (D:3)
  21 orcs
  6 ball pythons
  5 bats
  10 endoplasms
  3 giant cockroaches
  3 gnoll zombies (Ossuary)
  2 goblins (D:4)
  11 hobgoblins
  2 quokkas (D:3)
  2 frilled lizards
  2 hobgoblin zombies (Ossuary)
  7 kobolds
  3 kobold zombies (Ossuary)
  3 rats (D:1)
137 creatures vanquished.

Vanquished Creatures (collateral kills)
  Duvessa (D:5)
  A jelly (D:6)
2 creatures vanquished.

Vanquished Creatures (others)
  A troll (D:5)
  A white imp (D:6)
  12 plants
14 creatures vanquished.

Grand Total: 153 creatures vanquished

Notes
Turn   | Place    | Note
-------+----------+-------------------------------------------
     0 | D:1      | Hasart the Demigod Fighter began the quest for the Orb.
     0 | D:1      | Reached XP level 1. HP: 18/18 MP: 3/3
   162 | D:1      | Reached skill level 2 in Axes
   254 | D:1      | Reached XP level 2. HP: 25/25 MP: 4/4
   749 | D:2      | Reached XP level 3. HP: 21/30 MP: 5/5
  1126 | D:2      | Reached skill level 1 in Throwing
  1820 | D:3      | Reached skill level 1 in Dodging
  1824 | D:3      | Reached XP level 4. HP: 38/38 MP: 6/6
  1850 | D:3      | Reached skill level 3 in Axes
  2364 | D:3      | Identified the +0 ring mail "Fydianu" {rElec}
  2863 | D:4      | Reached XP level 5. HP: 11/45 MP: 7/7
  3390 | D:4      | Noticed an ogre
  3721 | D:4      | Killed an ogre
  3722 | D:4      | Reached XP level 6. HP: 51/51 MP: 8/8
  4168 | D:5      | Entered Level 5 of the Dungeon
  4508 | D:5      | Noticed a troll
  4540 | D:5      | Noticed Dowan
  4541 | D:5      | Noticed Sigmund
  4542 | D:5      | Noticed Duvessa
  4566 | D:5      | Killed Duvessa
  4567 | D:5      | Reached skill level 4 in Axes
  4570 | D:5      | Reached XP level 7. HP: 48/58 MP: 9/9
  4581 | D:5      | Killed Sigmund
  4584 | D:5      | Killed Dowan
  5560 | D:6      | Noticed a steam dragon
  5567 | D:6      | Reached skill level 5 in Axes
  5667 | D:6      | Reached XP level 8. HP: 27/67 MP: 10/10
  5773 | D:6      | Found a sand-covered staircase.
  5921 | Ossuary  | Entered an ossuary
  7939 | D:7      | Reached skill level 6 in Axes
  7994 | D:7      | HP: 3/67 [centaur (5)]
  8462 | D:7      | Reached skill level 5 in Shields
  8468 | D:7      | Reached skill level 5 in Fighting
  8468 | D:7      | Reached skill level 5 in Armour
  8468 | D:7      | HP: 1/66 [wight (16)]
  8468 | D:7      | Slain by a wight

Illustrated notes

Levels and vault maps discovered:
D:1:      psy_arrival_dodecagon, layout_basic, ebering_ecumenical_altar_ruins
D:2:      layout_loops_ring, ebering_dispersal_statue_hall,
          grunt_decor_arrowhead, lightli_corner_chamber
D:3:      layout_loops_ring, mainiacjoe_overflow_alcove_1,
          hangedman_feature_mirror
D:4:      layout_gridville, minivault_4, chequers_garden, minmay_circle_x
D:5:      layout_basic, mainiacjoe_overflow_boulevard, nrook_mini_vaults,
          kennysheep_nub, uniq_duvessa, uniq_sigmund
D:6:      layout_loops_ring, mainiacjoe_overflow_brackets,
          nicolae_overflow_quartered_altars,
          lightli_ossuary_entry_decrepit_ruins, serial_bayou_pond_a
D:7:      nicolae_whirlpool, layout_gridville, minmay_temple_entry_junction,
          kennysheep_cross_bottleneck, serial_bayou_lagoon_a, lightli_minifort

Skill      XL: |  1  2  3  4  5  6  7  8 |
---------------+-------------------------+-----
Axes           | 2 3 4 5 6 |  6.1
Armour         | 3 4 5 |  5.0
Throwing       | 1 2 3 |  3.9
Dodging        | 1 2 3 |  3.8
Fighting       | 3 4 5 |  5.0
Shields        | 3 4 5 |  5.0

Action                   |  1- 3 |  4- 6 |  7- 9 || total
-------------------------+-------+-------+-------++-------
Melee: War axe           |    83 |   148 |   244 ||   475
Throw: Boomerang         |     1 |    14 |    45 ||    60
       Javelin           |       |       |    20 ||    20
Evoke: Wand              |       |     4 |     1 ||     5
  Use: Scroll            |       |       |    22 ||    22
       Potion            |       |       |     2 ||     2
 Stab: Sleeping          |       |       |     1 ||     1
Armor: Scale mail        |    48 |    12 |       ||    60
       Ring mail         |       |    32 |   114 ||   146
Dodge: Dodged            |    33 |    85 |   172 ||   290
Block: Buckler           |    14 |    57 |    86 ||   157

Table legend: (Time is in decaauts)
 A = Elapsed time spent in this place.
 B = Non-inter-level travel time spent in this place.
 C = Inter-level travel time spent in this place.
 D = Time resting spent in this place.
 E = Time spent auto-exploring this place.
 F = Levels seen in this place.
 G = Mean time per level.
                   A        B        C        D        E       F      G
               +--------+--------+--------+--------+--------+-----+--------+
         Total |   8670 |   8468 |    202 |   1490 |   5262 |   8 | 1083.8 |
       Dungeon |   7989 |   7787 |    202 |   1305 |   4904 |   7 | 1141.3 |
       Ossuary |    681 |    681 |      0 |    185 |    358 |   1 |  681.0 |
               +--------+--------+--------+--------+--------+-----+--------+

Top non-repeatable levels by time:
     D:4: 1434 daAuts
     D:3: 1230 daAuts
     D:7: 1223 daAuts
     D:6: 1166 daAuts
     D:2: 1120 daAuts
     D:5: 1110 daAuts
     D:1: 703 daAuts
 Ossuary: 681 daAuts
